Map: Orbital Shipyard

Players

HzVee - Winner!

  • Race: Protoss Protoss
  • League: Bronze

PugeHenis

  • Race: Terran Terran

VOD

Have the link to the VOD?

Description

Time

  • Played on: Oct. 22, 2015, 11:42 p.m.
  • Length: 13:00
Show
View Real Time Build Order
Export as new Build Order

HzVee Protoss - Winner!

Build Orders:  

Get SALT Encoding   

  12  0:04  Probe (Chrono Boost)  
  13  0:14  Probe (Chrono Boost)  
  14  0:29  Pylon  
  14  0:33  Probe (Chrono Boost)  
  15  0:47  Probe (Chrono Boost)  
  16  0:55  Gateway  
  16  0:56  Gateway  
  16  1:01  Probe (Chrono Boost)  
  17  1:06  Assimilator  
  17  1:11  Pylon  
  17  1:13  Probe (Chrono Boost)  
  18  1:30  Probe (Chrono Boost)  
  19  1:43  Cybernetics Core  
  19  1:44  Zealot (Chrono Boost)  
  21  1:55  Pylon  
  21  1:58  Probe  
  21  2:00  Assimilator  
  22  2:10  Probe  
  23  2:22  Nexus, Warp Gate (Chrono Boost)  
  23  2:30  Pylon  
  23  2:36  Mothership Core  
  25  2:53  Stalker  
  25  2:57  Probe  
  28  3:05  Gateway  
  28  3:11  Probe  
  29  3:17  Adept  
  31  3:23  Stalker, Probe  
  34  3:35  Probe  
  35  3:47  Stalker, Probe  
  38  3:51  Probe  
  39  3:59  Probe (Chrono Boost)  
  39  4:02  Gateway, Probe (Chrono Boost)  
  41  4:13  Probe (Chrono Boost)  
  41  4:14  Probe (Chrono Boost)  
  43  4:24  Probe (Chrono Boost)  
  44  4:25  Probe (Chrono Boost)  
  44  4:27  Forge  
  45  4:31  Pylon  
  45  4:33  Stalker  
  45  4:34  Probe (Chrono Boost)  
  45  4:35  Probe (Chrono Boost)  
  49  4:45  Probe (Chrono Boost)  
  50  4:47  Probe (Chrono Boost)  
  50  4:49  Assimilator  
  51  4:54  Assimilator  
  51  4:58  Probe (Chrono Boost)  
  52  5:06  Stalker x4  
  56  5:20  Nexus  
  52  5:24  Pylon  
  52  5:28  Protoss Ground Weapons Level 1 (Chrono Boost)  
  52  5:30  Pylon  
  52  5:37  Twilight Council  
  52  5:41  Probe  
  53  5:48  Stalker x2  
  57  5:53  Probe  
  57  5:55  Probe  
  59  6:04  Stalker x2  
  61  6:05  Probe  
  64  6:12  Blink (Chrono Boost)  
  64  6:17  Probe  
  65  6:26  Robotics Facility  
  65  6:28  Pylon  
  65  6:29  Stalker x3, Probe  
  72  6:33  Probe  
  73  6:43  Probe  
  73  6:45  Mothership Core  
  76  6:48  Stalker  
  76  6:54  Probe  
  78  6:55  Probe  
  80  7:03  Pylon  
  80  7:04  Probe  
  80  7:07  Pylon  
  81  7:09  Stalker x3  
  81  7:15  Probe  
  88  7:25  Probe  
  88  7:26  Gateway  
  88  7:28  Gateway  
  89  7:34  Adept x3  
  89  7:35  Adept  
  89  7:36  Probe  
  97  7:42  Assimilator  
  98  7:46  Immortal (Chrono Boost)  
  98  7:48  Probe  
  103  7:55  Robotics Bay  
  103  8:00  Probe  
  103  8:03  Stalker x2  
  103  8:04  Stalker  
  110  8:12  Probe  
  111  8:21  Immortal (Chrono Boost)  
  111  8:23  Stalker, Assimilator  
  111  8:24  Probe  
  118  8:36  Probe  
  119  8:55  Resonating Glaives  
  119  8:57  Stalker x3  
  119  8:58  Nexus  
  119  9:00  Pylon  
  125  9:15  Pylon  
  125  9:18  Pylon x2  
  125  9:19  Colossus (Chrono Boost)  
  130  9:37  Photon Cannon  
  130  9:43  Pylon  
  108  10:05  Colossus (Chrono Boost)  
  102  10:10  Stalker  
  102  10:11  Stalker x5  
  112  10:20  Extended Thermal Lance  
  112  10:24  Gateway x2  
  112  10:27  Gateway  
  112  10:29  Pylon  
  112  10:31  Probe  
  113  10:37  Stalker  
  113  10:38  Stalker x5  
  125  10:52  Observer (Chrono Boost)  
  126  11:23  Stalker x3  
  126  11:24  Stalker x3  
  126  11:25  Pylon  
  138  11:35  Pylon  
  138  11:50  Gateway  
  138  11:52  Stalker x3  
  138  11:53  Stalker x2  
  138  11:54  Stalker x4  
  156  12:03  Colossus (Chrono Boost)  
  157  12:32  Stalker  
  157  12:33  Stalker x5  
  157  12:34  Stalker x3  
  159  12:50  Gateway  
  159  12:51  Gateway  
  165  12:52  Gateway  
Show
View Real Time Build Order
Export as new Build Order

PugeHenis Terran 

Build Orders:  

Get SALT Encoding   

  12  0:02  SCV  
  13  0:18  SCV  
  13  0:19  Supply Depot  
  14  0:31  SCV  
  14  0:34  Supply Depot  
  15  0:44  Supply Depot  
  15  0:45  SCV  
  16  1:01  Barracks  
  16  1:06  SCV  
  17  1:19  Barracks  
  17  1:20  SCV  
  18  1:25  Refinery  
  18  1:31  Engineering Bay  
  18  1:33  SCV  
  19  1:45  SCV  
  20  1:57  SCV  
  20  1:58  Marine  
  22  2:08  Marine  
  23  2:16  Missile Turret, Marine  
  23  2:19  Orbital Command  
  24  2:26  Marine  
  24  2:28  Refinery  
  25  2:34  Marine  
  26  2:44  Marine  
  27  2:51  Supply Depot  
  27  2:52  Marine  
  28  3:01  Marine  
  28  3:05  Factory  
  29  3:09  Marine  
  30  3:15  Barracks  
  30  3:16  SCV  
  32  3:23  Barracks Tech Lab  
  31  3:28  SCV, Barracks Tech Lab  
  32  3:43  Marauder  
  32  3:47  Concussive Shells  
  34  3:53  Marauder  
  36  3:56  Hellion  
  38  4:04  Marauder  
  38  4:08  Starport  
  40  4:11  Marine  
  40  4:14  Marauder  
  43  4:26  Marauder  
  45  4:36  Marauder  
  47  4:53  Supply Depot  
  47  4:58  Supply Depot  
  47  4:59  Marine x2  
  39  5:17  Marine  
  35  5:23  Medivac  
  37  5:30  Factory Tech Lab  
  37  5:40  SCV  
  38  5:43  Command Center  
  38  5:49  Marauder x2  
  43  5:53  Medivac  
  44  5:57  Barracks Tech Lab  
  44  6:10  Marauder x2  
  48  6:17  Marine  
  49  6:21  Siege Tank  
  49  6:23  Medivac  
  54  6:29  Barracks  
  54  6:31  Marine x2  
  56  6:34  Marine  
  57  6:46  Missile Turret  
  57  6:49  Marauder, Marine  
  57  6:52  Marine  
  61  6:56  Widow Mine  
  63  7:07  Marauder  
  65  7:10  Marine  
  66  7:33  Command Center  
  66  7:36  SCV  
  67  7:44  Marine x2  
  67  7:48  SCV  
  70  8:00  SCV  
  70  8:01  Marauder x2  
  75  8:06  Viking  
  75  8:12  SCV  
  78  8:20  Supply Depot  
  78  8:29  Orbital Command  
  78  8:39  Barracks Tech Lab  
  78  8:42  Marauder x3  
  78  8:43  Supply Depot  
  84  8:50  Armory  
  84  9:02  Siege Tank  
  87  9:06  Marine x2  
  87  9:09  Marine  
  90  9:22  Marine  
  91  9:24  Marine x2  
  91  9:27  Marine  
  94  9:34  Siege Tank  
  97  9:40  Marauder  
  99  9:51  Marauder x3  
  91  10:02  Marauder  
  86  10:15  SCV  
  86  10:21  Starport, Marine x2  
  89  10:22  Marauder  
  89  10:24  Starport Tech Lab  
  89  10:26  Combat Shields  
  89  10:27  SCV  
  92  10:40  SCV  
  93  10:46  SCV  
  94  10:50  Supply Depot  
  94  10:52  SCV, Refinery  
  95  10:58  SCV  
  95  11:01  Refinery, Starport Tech Lab  
  95  11:03  Refinery  
  96  11:04  Marauder  
  96  11:10  SCV  
  97  11:22  SCV  
  98  11:33  Medivac  
  98  11:36  Marauder x4  
  108  11:47  Thor  
  108  11:53  Medivac  
  116  11:57  Marauder  
  116  11:58  Marauder  
  116  12:00  Marauder  
  116  12:01  Marine  
  122  12:03  Medivac  
  125  12:18  Marine  
  125  12:19  Marauder  
Tags
 
League
Bronze
Matchup
PvT
Replay Pack
HzVee P1
Add a new tag
Caveats
  • Supply blocks, unpowered buildings, or Contaminate may cause inaccurate times.
  • Supply counts are checked every 10 seconds.